 Dungeon Crawl Stone Soup version 0.24-a0-520-g8fd06ad0bc (webtiles) character file.

Game seed: 9110491369967557462

114135 SilverFang the Grappler (level 16, -14/139 HPs)
             Began as a Pale Draconian Monk on July 20, 2019.
             Was the Champion of Vehumet.
             Demolished by a naga warrior
             ... wielding a +0 trident
              (24 damage)
             ... on level 4 of the Snake Pit on July 25, 2019.
             The game lasted 01:55:45 (27553 turns).

SilverFang the Grappler (Pale Draconian Monk)      Turns: 27553, Time: 01:55:45

Health: -14/139    AC: 11    Str: 15    XL:     16   Next: 15%
Magic:  0/39       EV: 16    Int: 17    God:    Vehumet [******]
Gold:   1305       SH:  0    Dex: 16    Spells: 10/35 levels left

rFire    . . .     SeeInvis +     - Unarmed
rCold    . . .     Gourm    .   (no shield)
rNeg     . . .     Faith    .   (armour unavailable)
rPois    .         Spirit   +   (helmet restricted)
rElec    .         Reflect  .   t - scarf {Spirit}
rCorr    .         Harm     .   H - +0 pair of gloves
MR       +++..     Clarity  +   u - +0 pair of boots
Stlth    +++.......             R - amulet of regeneration
HPRegen  0.73/turn              E - ring "Cenelaon" {MR++ Stlth+}
MPRegen  0.26/turn              M - ring "Touf Ocw" {MP+9 Dex+3 SInv}

@: flying, very slightly contaminated, constricted
A: breathe steam, unfitting armour, big wings, clarity, mutation resistance 1,
cold-blooded, AC +9
a: Breathe Steam, Stop Flying, Renounce Religion


You were on level 4 of the Snake Pit.
You worshipped Vehumet.
Vehumet was exalted by your worship.
You were not hungry.

You visited 5 branches of the dungeon, and saw 27 of its levels.

You collected 2443 gold pieces.
You spent 1138 gold pieces at shops.

Inventory:

Armour
 k - a +2 cloak
 t - a scarf of spirit shield (worn)
 u - a +0 pair of boots (worn)
 H - a +0 pair of gloves (worn)
Magical Staves
 b - an uncursed staff of wizardry
 G - an uncursed staff of summoning
Jewellery
 d - the amulet of Zuxecade {RegenMP *Drain Str+7 Dex+8 Stlth-}
   (You bought it in a shop on level 2 of the Orcish Mines)

   [amulet of magic regeneration]

   It increases your magic regeneration.
   It affects your strength (+7).
   It affects your dexterity (+8).
   It causes draining when unequipped.
   It makes you less stealthy.
 s - an uncursed ring of positive energy
 z - a cursed ring of teleportation
 A - the amulet "Galitakk" {Acrobat -Tele rF+ rC++ Stlth+}
   (You acquired it on level 4 of the Lair of Beasts)

   [amulet of the acrobat]

   It helps you evade while moving and waiting.
   It protects you from fire.
   It greatly protects you from cold.
   It prevents most forms of teleportation.
   It makes you more stealthy.
 E - the ring "Cenelaon" (left hand) {MR++ Stlth+}
   (You acquired it on level 4 of the Lair of Beasts)

   [ring of stealth]

   It affects your resistance to hostile enchantments.
   It makes you more stealthy.
 I - an uncursed ring of see invisible
 M - the ring "Touf Ocw" (right hand) {MP+9 Dex+3 SInv}
   (You found it on level 2 of the Lair of Beasts)

   [ring of magical power]

   It affects your dexterity (+3).
   It affects your magic capacity (+9).
   It lets you see invisible.
 O - an uncursed ring of stealth
 R - an amulet of regeneration (around neck)
Wands
 f - a wand of paralysis (14)
 g - a wand of flame (34)
 w - a wand of acid (2)
 y - a wand of polymorph (19)
 K - a wand of enslavement (9)
Scrolls
 c - 4 scrolls of magic mapping
 j - 5 scrolls of teleportation
 l - 4 scrolls of noise
 m - a scroll of summoning
 v - 4 scrolls of remove curse
 x - 2 scrolls of enchant weapon
 C - 2 scrolls of identify
 L - a scroll of amnesia
 Q - a scroll of enchant armour
Potions
 e - 3 potions of flight
 h - 3 potions of curing
 i - 7 potions of mutation
 n - 8 potions of might
 o - 3 potions of cancellation
 p - a potion of resistance
 q - a potion of magic
 r - a potion of ambrosia
 B - a potion of lignification
 D - 6 potions of haste
 F - a potion of berserk rage
 N - 3 potions of brilliance
Comestibles
 a - 36 rations


   Skills:
 - Level 12.2 Fighting
 - Level 9.8 Dodging
 - Level 1.7 Stealth
 + Level 13.6 Unarmed Combat
 - Level 10.0 Spellcasting
 + Level 8.3 Conjurations
 - Level 1.3 Hexes
 - Level 2.8 Necromancy
 - Level 12.0 Transmutations
 - Level 12.0 Earth Magic


You had 10 spell levels left.
You knew the following spells:

 Your Spells              Type           Power        Failure   Level  Hunger
a - Animate Skeleton      Necr           N/A          2%          1    None
i - Irradiate             Conj/Tmut      #####.....   1%          5    #####..
l - Lee's Rapid Deconstr  Erth           #####.....   1%          5    #####..
p - Petrify               Tmut/Erth      #####...     1%          4    ###....
s - Statue Form           Tmut/Erth      #####....    10%         6    ######.
t - Confusing Touch       Hex            ##....       4%          1    None
w - Passwall              Tmut/Erth      #####...     1%          2    None
z - Apportation           Tloc           #.....       9%          1    None

Your spell library contained the following spells:

 Spells                   Type           Power        Failure   Level  Hunger
 Poison Arrow             Conj/Pois      ###.......   50%         6    ######.
 Beastly Appendage        Tmut           #####.       1%          1    None
 Sandblast                Erth           #####.       1%          1    None
 Sticks to Snakes         Tmut           #####...     1%          2    None
 Throw Flame              Conj/Fire      ###...       1%          2    None
 Ignite Poison            Fire/Tmut/Pois ###.....     1%          3    None
 Stone Arrow              Conj/Erth      #####.       1%          3    None
 Bolt of Magma            Conj/Fire/Erth ####......   4%          5    #####..
 Leda's Liquefaction      Hex/Erth       ####......   5%          4    ###....
 Iron Shot                Conj/Erth      #####.....   5%          6    ######.
 Ice Form                 Ice/Tmut       ####....     7%          4    ###....
 Summon Small Mammal      Summ           #...         9%          1    None
 Fireball                 Conj/Fire      ###.......   11%         5    #####..
 Alistair's Intoxication  Tmut/Pois      ####....     21%         5    #####..
 Shatter                  Erth           #####.....   100%        9    #######


Dungeon Overview and Level Annotations

Branches:
Dungeon (14/15)            Temple (1/1) D:7            Lair (6/6) D:8
  Swamp (0/4) Lair:3        Snake (4/4) Lair:4        Slime (0/5) Lair:6
    Orc (2/2) D:12            Elf (0/3) Orc:2        Vaults (0/5) D:13

Altars:
Ashenzari
Cheibriados
Dithmenos
Elyvilon
Fedhas
Gozag
Hepliaklqana
Kikubaaqudgha
Makhleb
Nemelex Xobeh
Okawaru
Qazlal
Ru
Sif Muna
Trog
Uskayaw
Vehumet
Wu Jian
Xom
Yredelemnul
Zin
The Shining One
Beogh
Jiyva

Shops:
D:4 !   D:7 =   Orc:1 *   Orc:2 =([?

Annotations:
D:6 1 runed translucent door, ostoppbardval's ghost, novice DrIE


Innate Abilities, Weirdness & Mutations

You can breathe blasts of scalding, opaque steam.
Your pale cyan-grey scales are hard. (AC +9)
You cannot fit into any form of body armour.
You are cold-blooded and may be slowed by cold attacks.
Your large and strong wings let you fly indefinitely.
You possess an exceptional clarity of mind.
You are somewhat resistant to further mutation.


Message History

Okay, then.
Evoke which item? (* to show all) (? for menu, Esc to quit)
Okay, then.
Unknown command.
Okay, then.
Okay, then.
As you read the scroll of fear, it crumbles to dust.
You assume a fearsome visage.
The naga mage looks frightened!
The salamander resists with some effort.
The naga looks frightened!
The guardian serpent looks frightened!
The naga warrior resists with almost no effort.
The naga mage looks frightened!
You feel sick. The naga mage loses its grip on you.
The naga warrior closely misses you. The naga warrior grabs you.
* * * LOW HITPOINT WARNING * * *
The naga warrior constricts you.
The salamander hits you but does no damage.
You feel better.
The naga warrior hits you with a +0 trident!!
You die...

#.##.###### #.#
#.###'.## #.##
.. #.#
#...####...#...
#.#
#.8.##.........
#.#
#...#).)....)..
#.#
##<##).)#......
#.# ###.)†##
..##.
#.#####....# ##
#...N@N..S.#
#####...#......
##NN.###§..#
##..# #...
##... ... ##.#N
.. .# . ##


You could see a naga warrior, a salamander, a guardian serpent (fleeing), 2 naga
magi and a naga (fleeing).

Vanquished Creatures
  Vashnia (Snake:2)
  Nikola (Snake:2)
  Kirke (D:12)
  Aizul (Snake:2)
  An ironheart preserver (D:13)
  Snorg (D:11)
  10 hydras
  A rakshasa (D:14)
  8 naga warriors
  2 centaur warriors (D:13)
  4 anacondas
  4 death yaks (Lair:4)
  Urug (D:12)
  A tengu warrior (D:12)
  2 orc high priests
  13 naga sharpshooters
  2 shock serpents (Snake:1)
  Nergalle (Orc:1)
  2 skeletal warriors (D:14)
  A shadow wraith (D:14)
  A salamander mystic (Snake:3)
  An unseen horror (D:6)
  A naga ritualist (Snake:2)
  A lindwurm (Lair:3)
  7 orc knights
  3 mana vipers
  2 ugly things
  A manticore (D:13)
  A cyclops (Orc:1)
  5 salamanders
  3 centaur zombies (D:13)
  A guardian serpent (Snake:4)
  Maurice (D:12)
  14 naga magi
  20 black mambas
  9 spiny frogs
  A freezing wraith (D:14)
  2 kobold demonologists
  An efreet (D:14)
  3 rime drakes
  8 komodo dragons
  2 tengu conjurers (D:13)
  5 trolls
  3 meliai (D:13)
  2 hornets
  A queen bee (Lair:2)
  10 polar bears
  3 bog bodies (Lair:3)
  2 raiju (Lair:6)
  14 blink frogs
  7 hippogriffs
  A spriggan (Lair:2)
  5 hogs (D:12)
  A human (D:12)
  Sigmund (D:2)
  3 wyverns
  3 shadows (D:14)
  35 yaks
  2 wraiths (D:8)
  2 hungry ghosts
  2 basilisks
  2 vampire mosquitoes (D:13)
  11 wargs
  An acid dragon (D:13)
  Duvessa (D:5)
  32 nagas
  9 water moccasins
  7 porcupines
  15 hell hounds (Lair:6)
  An ice beast (shapeshifter) (D:13)
  46 orc warriors
  12 black bears
  A hornet zombie (D:7)
  A sky beast (shapeshifter) (D:13)
  3 sky beasts
  An eye of draining (D:10)
  4 ice beasts
  16 wolves
  2 phantoms
  8 ogres
  8 centaurs
  13 crocodiles
  4 big kobolds
  10 bullfrogs
  A scorpion (D:4)
  A water moccasin skeleton (D:9)
  25 killer bees
  An electric eel (Lair:3)
  20 wights
  3 howler monkeys
  4 crimson imps
  A quasit (D:10)
  6 hounds
  2 jellies
  2 human zombies (D:8)
  2 bullfrog zombies
  A gnoll shaman (D:6)
  17 orc priests
  A bullfrog skeleton (D:7)
  2 centaur skeletons
  9 iguanas
  10 worker ants
  21 orc wizards
  A hound zombie (D:3)
  2 hound skeletons
  2 mummies (D:8)
  7 gnolls
  12 adders
  An adder zombie (D:5)
  3 dart slugs
  4 worms
  2 leopard geckos
  102 orcs
  4 ball pythons
  3 giant cockroaches
  6 goblins
  6 hobgoblins
  17 jackals
  A quokka (D:7)
  9 bats
  A frilled lizard (D:4)
  A jackal skeleton (D:4)
  15 kobolds
  A leopard gecko skeleton (D:4)
  2 orc zombies (D:8)
  A quokka skeleton (D:7)
  6 rats
  2 plants (D:8)
796 creatures vanquished.

Vanquished Creatures (collateral kills)
  Prince Ribbit (D:5)
  An orc warrior (D:7)
  An ice beast (D:5)
  5 centaurs
  Blork the orc (D:5)
  An elf zombie (D:8)
  A gnoll sergeant (D:5)
  Dowan (D:5)
  9 wights (D:8)
  A crimson imp (D:6)
  A centaur zombie (D:8)
  2 human zombies (D:8)
  A bullfrog skeleton (D:5)
  A hound (D:7)
  An orc wizard (D:11)
  A worker ant (D:5)
  A killer bee zombie (D:6)
  2 gnolls (D:5)
  An adder (D:8)
  A shadow imp (D:5)
  An adder zombie (D:7)
  6 orcs
  A jackal (D:7)
  A giant cockroach zombie (D:5)
  4 kobolds (D:7)
47 creatures vanquished.

Vanquished Creatures (others)
  An orc priest (D:12)
  An orc wizard (Orc:1)
  An orc (Orc:1)
  A bush (Lair:3)
  5 fungi
  18 plants
27 creatures vanquished.

Grand Total: 870 creatures vanquished

Notes
Turn   | Place    | Note
-------+----------+-------------------------------------------
     0 | D:1      | SilverFang the Draconian Monk began the quest for the Orb.
     0 | D:1      | Reached XP level 1. HP: 19/19 MP: 1/1
   247 | D:1      | Reached XP level 2. HP: 21/26 MP: 2/2
   501 | D:2      | Gained mutation: You possess an exceptional clarity of
                  | mind. [potion of mutation]
   501 | D:2      | Gained mutation: You are somewhat resistant to further
                  | mutation. [potion of mutation]
   501 | D:2      | Gained mutation: Your large and strong wings let you fly
                  | indefinitely. [potion of mutation]
   910 | D:2      | Reached XP level 3. HP: 14/33 MP: 3/3
  1098 | D:2      | Found a hide-covered altar of Uskayaw.
  1619 | D:1      | Reached skill level 4 in Unarmed Combat
  1645 | D:1      | Reached XP level 4. HP: 41/41 MP: 4/4
  1840 | D:2      | Noticed Sigmund
  1884 | D:2      | Noticed a +0 hand axe
  1884 | D:2      | Noticed a +0 dagger
  1914 | D:2      | Found a deep blue altar of Sif Muna.
  2089 | D:2      | Killed Sigmund
  2089 | D:2      | Reached skill level 5 in Fighting
  2089 | D:2      | Reached skill level 5 in Unarmed Combat
  2089 | D:2      | Reached XP level 5. HP: 40/48 MP: 5/5
  2157 | D:2      | Noticed a moth of wrath
  2160 | D:2      | Found a bloodstained altar of Trog.
  2223 | D:2      | Found an ornate altar of the Wu Jian Council.
  2555 | D:3      | Found a blossoming altar of Fedhas.
  2584 | D:3      | Reached XP level 6. HP: 46/57 MP: 6/6
  2866 | D:3      | Found a basalt altar of Yredelemnul.
  4097 | D:4      | Found the cursed +14 obsidian axe {chop, +Fly SInv *Curse}
  4104 | D:4      | Reached skill level 6 in Unarmed Combat
  4104 | D:4      | Your scales start taking on a pale cyan-grey colour.
  4104 | D:4      | Reached XP level 7. HP: 64/64 MP: 7/7
  4254 | D:4      | Found Wozu's Distillery.
  4262 | D:4      | Bought a potion of heal wounds for 50 gold pieces
  4262 | D:4      | Bought a potion of might for 40 gold pieces
  4262 | D:4      | Bought a potion of mutation for 80 gold pieces
  4407 | D:5      | Entered Level 5 of the Dungeon
  4453 | D:5      | Found a glowing silver altar of Zin.
  4467 | D:5      | Noticed Blork the orc
  4474 | D:5      | Killed Blork the orc
  4645 | D:5      | Found an opulent altar of Gozag.
  4662 | D:5      | Noticed Prince Ribbit
  4674 | D:5      | Killed Prince Ribbit
  4674 | D:5      | Reached XP level 8. HP: 51/73 MP: 8/8
  4739 | D:5      | Reached skill level 7 in Unarmed Combat
  4809 | D:5      | Noticed Duvessa
  4810 | D:5      | Noticed Dowan
  4816 | D:5      | Killed Duvessa
  4820 | D:5      | Killed Dowan
  5176 | D:6      | Found a shattered altar of Ashenzari.
  5213 | D:6      | Noticed an unseen horror
  5218 | D:6      | Killed an unseen horror
  5218 | D:6      | Reached skill level 5 in Dodging
  5218 | D:6      | Reached skill level 8 in Unarmed Combat
  5218 | D:6      | Reached XP level 9. HP: 80/82 MP: 9/9
  5341 | D:6      | Found a sparkling altar of Nemelex Xobeh.
  5374 | D:6      | Found a runed translucent door.
  5375 | D:6      | Noticed ostoppbardval's ghost (novice DrIE)
  5792 | D:7      | Found Gugh's Jewellery Boutique.
  5848 | D:7      | Bought a cursed -3 ring of protection for 22 gold pieces
  5848 | D:7      | Bought a cursed amulet of inaccuracy for 22 gold pieces
  5949 | D:7      | Found a staircase to the Ecumenical Temple.
  5975 | Temple   | Entered the Ecumenical Temple
  6125 | Temple   | Became a worshipper of Vehumet
  6125 | Temple   | Reached * piety under Vehumet
  6125 | Temple   | Offered knowledge of Flame Tongue by Vehumet.
  6125 | Temple   | Reached ** piety under Vehumet
  6128 | Temple   | Learned a level 1 spell: Flame Tongue
  6184 | D:7      | Reached skill level 9 in Unarmed Combat
  6290 | D:7      | Offered knowledge of Shock by Vehumet.
  6480 | D:8      | Found a stormy altar of Qazlal.
  6488 | D:8      | Reached skill level 10 in Fighting
  6498 | D:8      | Found a sparkling altar of Nemelex Xobeh.
  6629 | D:8      | Found an ancient bone altar of Kikubaaqudgha.
  6673 | D:8      | Reached XP level 10. HP: 80/93 MP: 10/10
  6850 | D:8      | Identified the Catalogue of the Mutagenic Arsonist
  6963 | D:8      | Noticed a sun demon
  6974 | D:8      | Offered knowledge of Stone Arrow by Vehumet.
  7270 | D:8      | Found a staircase to the Lair.
  7908 | D:9      | Reached skill level 10 in Unarmed Combat
  7984 | D:9      | Reached *** piety under Vehumet
  8309 | D:9      | Found a shadowy altar of Dithmenos.
  8316 | D:9      | Found a sacrificial altar of Ru.
  8351 | D:9      | Offered knowledge of Dazzling Spray by Vehumet.
  8364 | D:9      | Learned a level 3 spell: Dazzling Spray
  8446 | D:10     | Entered Level 10 of the Dungeon
  8524 | D:10     | You are sucked into a shaft and drop 2 floors!
  8524 | D:12     | Found a staircase to the Orcish Mines.
  8524 | D:12     | Noticed Kirke
  8699 | D:11     | Reached skill level 1 in Spellcasting
  8699 | D:11     | Reached skill level 1 in Conjurations
  8699 | D:11     | Reached skill level 1 in Hexes
  8841 | D:11     | Learned a level 6 spell: Statue Form
  8872 | D:11     | Reached skill level 1 in Transmutations
  8872 | D:11     | Reached skill level 1 in Earth Magic
  8905 | D:11     | Reached **** piety under Vehumet
  9446 | D:10     | Offered knowledge of Irradiate by Vehumet.
  9448 | D:10     | Reached XP level 11. HP: 69/101 MP: 15/15
 10225 | D:11     | Noticed a brown ugly thing
 10234 | D:11     | Killed a brown ugly thing
 10480 | D:11     | Learned a level 5 spell: Irradiate
 10650 | D:11     | Noticed Snorg
 10667 | D:11     | Killed Snorg
 10948 | D:12     | Reached skill level 5 in Spellcasting
 10948 | D:12     | Reached skill level 5 in Transmutations
 10993 | D:12     | Reached ***** piety under Vehumet
 11246 | D:12     | Offered knowledge of Orb of Destruction by Vehumet.
 11290 | D:12     | Killed Kirke
 11331 | D:12     | Noticed a tengu warrior
 11353 | D:12     | Killed a tengu warrior
 11549 | D:12     | Noticed Maurice
 11566 | D:12     | Killed Maurice
 11861 | D:13     | Noticed a five-headed hydra
 11927 | Orc:1    | Entered Level 1 of the Orcish Mines
 12078 | Orc:1    | Noticed Urug
 12347 | Orc:1    | Noticed an orc high priest
 12360 | D:12     | Killed Urug
 12360 | D:12     | Reached XP level 12. HP: 61/108 MP: 22/22
 12528 | Orc:1    | Noticed Nergalle
 12671 | Lair:1   | Entered Level 1 of the Lair of Beasts
 12715 | Lair:1   | Noticed a seven-headed hydra
 12733 | Lair:1   | Killed a seven-headed hydra
 13067 | Lair:1   | Found a frozen archway.
 13529 | Lair:1   | Noticed a six-headed hydra
 13529 | Lair:1   | Noticed a five-headed hydra
 13537 | Lair:1   | Killed a five-headed hydra
 13541 | Lair:1   | Killed a six-headed hydra
 13866 | Lair:2   | Noticed a four-headed hydra
 13926 | Lair:2   | Killed a four-headed hydra
 14602 | Lair:2   | Reached skill level 5 in Earth Magic
 14678 | Lair:2   | Got a twitching copper ring
 14687 | Lair:2   | Identified the ring "Touf Ocw" {MP+9 Dex+3 SInv} (You found
                  | it on level 2 of the Lair of Beasts)
 15840 | Lair:3   | Found a staircase to the Swamp.
 16222 | Lair:4   | Found a staircase to the Snake Pit.
 16244 | Lair:4   | Noticed a death yak
 16457 | Lair:4   | Killed a death yak
 16457 | Lair:4   | Reached XP level 13. HP: 96/114 MP: 25/25
 16642 | Lair:4   | Identified the Incunabulum of Torrid Transmigration
 16717 | Lair:4   | Offered knowledge of Lightning Bolt by Vehumet.
 16915 | Lair:4   | Identified 3 scrolls of acquirement
 16916 | Lair:4   | Got a scorched diamond amulet
 16917 | Lair:4   | Identified the amulet "Galitakk" {Acrobat -Tele rF+ rC++
                  | Stlth+} (You acquired it on level 4 of the Lair of Beasts)
 16920 | Lair:4   | Got a transparent silver amulet
 16921 | Lair:4   | Identified the amulet "Maidiexuxt" {Harm *Drain rPois rF++
                  | MR- Dex-2 SInv} (You acquired it on level 4 of the Lair of
                  | Beasts)
 16925 | Lair:4   | Got a warped tin ring
 16927 | Lair:4   | Identified the ring "Cenelaon" {MR++ Stlth+} (You acquired
                  | it on level 4 of the Lair of Beasts)
 16948 | Lair:4   | Learned a level 5 spell: Lee's Rapid Deconstruction
 16964 | Lair:4   | Learned a level 4 spell: Petrify
 17222 | Lair:4   | Reached skill level 10 in Transmutations
 17240 | Lair:4   | Got a scorched long sword
 17241 | Lair:4   | Identified the +5 long sword "Kon Vat" {venom, +Rage Int-3
                  | Dex+3 Stlth+} (You found it on level 4 of the Lair of
                  | Beasts)
 17480 | Lair:5   | Reached skill level 10 in Earth Magic
 18686 | Lair:6   | Entered Level 6 of the Lair of Beasts
 19023 | Lair:6   | Found a staircase to the Slime Pits.
 19024 | Lair:6   | Found a viscous altar of Jiyva.
 19547 | Lair:6   | Reached XP level 14. HP: 122/122 MP: 26/26
 19586 | Lair:6   | Reached ****** piety under Vehumet
 20230 | Snake:1  | Entered Level 1 of the Snake Pit
 20480 | Snake:1  | Offered knowledge of Conjure Ball Lightning by Vehumet.
 20548 | Snake:1  | Learned a level 1 spell: Confusing Touch
 20550 | Snake:1  | Learned a level 1 spell: Apportation
 20553 | Snake:1  | Learned a level 1 spell: Animate Skeleton
 20824 | Snake:1  | Reached skill level 10 in Spellcasting
 20824 | Snake:1  | Reached skill level 1 in Necromancy
 21212 | Orc:1    | Upgraded the game from 0.24-a0-512-g2b48af375b to
                  | 0.24-a0-515-gbe7f5e2e8d
 21254 | Orc:1    | Found Boral's General Store.
 21303 | Orc:1    | Killed Nergalle
 21628 | Orc:1    | Upgraded the game from 0.24-a0-515-gbe7f5e2e8d to
                  | 0.24-a0-516-g9de272bb65
 21629 | Orc:2    | Entered Level 2 of the Orcish Mines
 22374 | Orc:2    | Found a roughly hewn altar of Beogh.
 22395 | Orc:2    | Offered knowledge of Iskenderun's Battlesphere by Vehumet.
 22518 | Orc:2    | Found a staircase to the Elven Halls.
 22557 | Orc:2    | Found Biqyps Gagi's Jewellery Shop.
 22557 | Orc:2    | Found Tilodghi's Weapon Shoppe.
 22562 | Orc:2    | Bought a cursed ring of teleportation for 63 gold pieces
 22932 | Orc:2    | Found Comp's Magic Scroll Shoppe.
 22968 | Orc:2    | Found Kisaobof's Antique Armour Shop.
 23167 | Orc:2    | Bought the amulet of Zuxecade {RegenMP *Drain Str+7 Dex+8
                  | Stlth-} for 861 gold pieces
 23358 | D:13     | Reached skill level 11 in Unarmed Combat
 23391 | D:13     | Noticed an ironheart preserver
 23410 | D:13     | Killed an ironheart preserver
 23550 | D:13     | Reached XP level 15. HP: 130/130 MP: 29/29
 23984 | D:13     | Found a gate to the Vaults.
 24292 | D:14     | Offered knowledge of Poison Arrow by Vehumet.
 24945 | Snake:1  | Found a shimmering altar of Xom.
 25308 | Snake:2  | Reached skill level 12 in Unarmed Combat
 25322 | Snake:2  | Noticed Nikola
 25346 | Snake:2  | Killed Nikola
 25511 | Snake:2  | Reached skill level 5 in Conjurations
 25699 | Snake:2  | Noticed Aizul
 25713 | Snake:2  | Killed Aizul
 25803 | Snake:2  | Noticed Vashnia
 25825 | Snake:2  | Killed Vashnia
 25844 | Snake:2  | Reached skill level 13 in Unarmed Combat
 25969 | Snake:2  | Upgraded the game from 0.24-a0-516-g9de272bb65 to
                  | 0.24-a0-520-g8fd06ad0bc
 26813 | Snake:3  | Reached XP level 16. HP: 139/139 MP: 30/30
 27379 | Snake:3  | Learned a level 2 spell: Passwall
 27488 | Snake:4  | Entered Level 4 of the Snake Pit
 27551 | Snake:4  | HP: 5/139 [salamander/+0 trident (12)]
 27553 | Snake:4  | Demolished by a naga warrior

Levels and vault maps discovered:
D:1:      psy_arrival_heroes, layout_basic, serial_corexii_hall,
          corexii_hall_statues_l, chequers_hall_statues_wall_a
D:2:      layout_basic, dancing_weapons_uskayaw, lemuel_coloured_pillars_altar,
          tgw_trog, nicolae_overflow_crystal_walls, first_ration, uniq_sigmund
D:3:      layout_basic, overflow_temple_1_default, fedhas_altar_3
D:4:      layout_loops_ring, serial_shops, shop
D:5:      layout_cave_pods, lemuel_crystal_altar, serial_bayou_pond_d,
          grunt_gozag_breadcrumbs, uniq_prince_ribbit1, uniq_duvessa,
          uniq_blork_the_orc
D:6:      layout_basic, kennysheep_mini, basic_altar, ebering_ghost_inner_flame,
          hangedman_minor_gate_pass
D:7:      layout_basic, temple_doors_e, serial_shops, nicolae_shop_waterfront,
          minmay_misc_feat_iff
D:8:      layout_loops_ring, grunt_qazlal_clouds,
          lemuel_mausoleum_altar_kikubaaqudgha, david_lair_shrubbed,
          basic_altar, grunt_ogre_cave, minmay_misc_feat_pillars
D:9:      layout_rooms, amethyst_overflow_temple_binary, fountainhead
D:10:     layout_basic, enter_bailey_1
D:11:     layout_irregular_city, uniq_snorg
D:12:     layout_gridville, david_orc_3, gauntlet_entry_generic, uniq_kirke,
          uniq_maurice
D:13:     layout_cave_pools, skrybe_vaults_entry_preservation
D:14:     minmay_the_grid_octo_tiled_squarecenter [minmay_the_grid_octo_shrine,
          minmay_the_grid_octo_odd_swirl, minmay_the_grid_octo_clover,
          minmay_the_grid_octo_clover_2,
          minmay_the_grid_square_5x5_megaprize_open,
          minmay_the_grid_square_5x5_shrine1, minmay_the_grid_square_5x5_c,
          minmay_the_grid_square_5x5_detours,
          minmay_the_grid_square_5x5_dogpile], layout_irregular_city,
          serial_rivers, chequers_serial_rivers_small_b,
          chequers_serial_rivers_small_3, chequers_serial_rivers_micro_a,
          chequers_serial_rivers_micro_a, minmay_hedge_maze, minmay_more_statues
Temple:   jpeg_temple_island
Lair:1:   beast_lair_carwin_large_3, layout_long_grid,
          portal_ice_cave_entry_pillars_2, infiniplex_staircase_pool
Lair:2:   layout_loops_ring, special_room [special_room_bee],
          forest_entry_grove, grunt_megastairs_4
Lair:3:   layout_roguey, nicolae_swamp_entry_splash_gauntlet
Lair:4:   layout_hall_layers, dummy_snake_entry, beast_lair_carwin_9
Lair:5:   layout_concentric_octagons, infiniplex_staircase_pool_2
Lair:6:   hangedman_lair_caniforms_friends, layout_misc_corridors,
          slime_altar_1, serial_bayou_shore_b, serial_bayou_shore_b
Snake:1:  layout_grid_maze, basic_altar
Snake:2:  layout_chambers, uniq_nikola, uniq_aizul, uniq_vashnia
Snake:3:  layout_grid_maze
Snake:4:  johnstein_snake_rune_scales, layout_onion_interference, st_stairs_4,
          grunt_ministairs_4
Orc:1:    layout_diamond_mine, serial_shops, nicolae_shop_behind_doors,
          uniq_urug, uniq_nergalle
Orc:2:    st_orc_town, layout_caves

Skill      XL: |  1  2  3  4  5  6  7  8  9 10 11 12 13 14 15 16 |
---------------+-------------------------------------------------+-----
Fighting       | 4 5 6 7 8 10 11 12 | 12.2
Unarmed Combat | 4 5 6 8 9 10 11 13 | 13.6
Dodging        | 4 5 7 8 9 |  9.8
Spellcasting   | 3 7 8 10 | 10.0
Conjurations   | 1 3 7 8 |  8.3
Hexes          | 1 |  1.3
Transmutations | 2 7 9 11 12 | 12.0
Earth Magic    | 2 3 8 11 12 | 12.0
Necromancy     | 2 |  2.8
Stealth        | |  1.7

Action                   |  1- 3 |  4- 6 |  7- 9 | 10-12 | 13-15 | 16-18 || total
-------------------------+-------+-------+-------+-------+-------+-------++-------
Melee: Unarmed           |    82 |       |       |   673 |  1306 |    46 ||  2107
       Tailslap          |    15 |    21 |    20 |    67 |   201 |     6 ||   330
       Short sword       |    13 |   197 |    11 |       |       |       ||   221
       Punch             |       |     5 |     4 |    39 |    56 |     5 ||   109
       Broad axe         |       |       |   143 |    38 |       |       ||   181
       Staff             |       |       |       |       |     7 |       ||     7
Throw: Throwing net      |       |       |       |     3 |       |       ||     3
 Cast: Dazzling Spray    |       |       |       |     3 |     1 |       ||     4
       Statue Form       |       |       |       |     1 |    64 |     4 ||    69
       Irradiate         |       |       |       |       |    11 |     3 ||    14
       Confusing Touch   |       |       |       |       |     7 |       ||     7
       Animate Skeleton  |       |       |       |       |     2 |       ||     2
       Apportation       |       |       |       |       |     1 |       ||     1
 Abil: Fly               |       |     1 |       |       |       |       ||     1
       Breathe Steam     |       |       |       |    72 |    19 |     1 ||    92
Evoke: Wand              |       |       |     1 |    23 |    15 |     1 ||    40
       Phantom mirror    |       |       |       |       |     1 |       ||     1
  Use: Scroll            |     3 |     6 |     5 |    18 |    16 |     2 ||    50
       Potion            |     1 |     4 |       |     8 |     8 |     1 ||    22
 Stab: Sleeping          |     3 |     5 |     3 |     7 |    11 |       ||    29
       Invisible         |       |     5 |       |       |       |       ||     5
       Paralysed         |       |       |     3 |     1 |       |       ||     4
       Distracted        |       |       |     1 |     1 |     2 |       ||     4
       Confused          |       |       |       |     1 |     1 |       ||     2
  Eat: Chunk             |     2 |     5 |     6 |    23 |    36 |       ||    72
       Ration            |       |     1 |     1 |     6 |    11 |     1 ||    20
Armor: Skin              |    21 |    68 |    42 |   152 |   846 |    37 ||  1166
Dodge: Dodged            |    51 |   154 |   133 |   607 |  1952 |    76 ||  2973
Block: Other             |       |       |    16 |    96 |    78 |       ||   190
       Reflection        |       |       |       |     2 |       |       ||     2

Table legend:
 A = Non-vault XP
 B = Vault XP
 C = Vault XP percentage of total XP
 D = Non-vault monster count
 E = Vault monster count
 F = Vault count percentage of total count
                 A         B        C        D         E       F
            +---------+---------+-------+---------+---------+-------
      Total |  104319 |   58732 |  36.0 |     606 |     235 |  27.9
            +---------+---------+-------+---------+---------+-------
        D:1 |      69 |       0 |   0.0 |      24 |       0 |   0.0
        D:2 |      70 |     214 |  75.4 |      18 |       6 |  25.0
        D:3 |     189 |       0 |   0.0 |      33 |       0 |   0.0
        D:4 |     357 |       0 |   0.0 |      14 |       0 |   0.0
        D:5 |     589 |     364 |  38.2 |      32 |       4 |  11.1
        D:6 |     679 |    1035 |  60.4 |      14 |       7 |  33.3
        D:7 |    1159 |       0 |   0.0 |      36 |       0 |   0.0
        D:8 |     969 |    1150 |  54.3 |      23 |      14 |  37.8
        D:9 |    1408 |       0 |   0.0 |      23 |       0 |   0.0
       D:10 |    2392 |       0 |   0.0 |      23 |       0 |   0.0
       D:11 |    2471 |    1157 |  31.9 |      29 |       1 |   3.3
       D:12 |    4144 |    4518 |  52.2 |      26 |      13 |  33.3
       D:13 |    9236 |    3505 |  27.5 |      55 |       9 |  14.1
       D:14 |    3080 |    3626 |  54.1 |      10 |      10 |  50.0
     Lair:1 |    3103 |    3589 |  53.6 |      14 |      10 |  41.7
     Lair:2 |    2911 |    2560 |  46.8 |      11 |      27 |  71.1
     Lair:3 |     798 |    1484 |  65.0 |       7 |       5 |  41.7
     Lair:4 |    9375 |    1575 |  14.4 |      28 |       5 |  15.2
     Lair:5 |    7432 |       0 |   0.0 |      19 |       0 |   0.0
     Lair:6 |    5445 |   10386 |  65.6 |      20 |      56 |  73.7
    Snake:1 |   14201 |       0 |   0.0 |      27 |       0 |   0.0
    Snake:2 |   14932 |   14586 |  49.4 |      36 |       8 |  18.2
    Snake:3 |   10768 |       0 |   0.0 |      22 |       0 |   0.0
    Snake:4 |    2959 |     436 |  12.8 |       7 |       1 |  12.5
      Orc:1 |    2248 |     820 |  26.7 |      15 |       1 |   6.2
      Orc:2 |    3335 |    7727 |  69.9 |      40 |      58 |  59.2
            +---------+---------+-------+---------+---------+-------
